 Dungeon Crawl Stone Soup version 0.28.0-53-g5a82cb258f (webtiles) character file.

Game seed: 3389480209950064634

28 DocClef the Cudgeller (level 3, 0/23 HPs)
             Began as a Gargoyle Monk on July 9, 2022.
             Slain by Terence
             ... wielding a +0 flail
              (1 damage)
             ... on level 2 of the Dungeon.
             The game lasted 00:01:06 (1482 turns).

DocClef the Cudgeller (Gargoyle Monk)               Turns: 1482, Time: 00:01:07

Health: 0/23       AC:  5    Str: 16    XL:     3   Next: 14%
Magic:  3/3        EV: 12    Int: 10    God:
Gold:   4          SH:  0    Dex: 12    Spells: 2/2 levels left

rFire   . . .      SeeInvis .   a - +0 mace
rCold   . . .      Faith    .   (no shield)
rNeg    + . .      Spirit   .   b - +0 robe
rPois   ∞          Reflect  .   (no helmet)
rElec   +          Harm     .   (no cloak)
rCorr   .          Rampage  .   (no gloves)
Will    .....                   (no boots)
Stlth   ++........              (no amulet)
HPRegen 0.07/turn               (no ring)
MPRegen 0.08/turn               (no ring)

@: no status effects
A: sickness immunity, AC +3, negative energy resistance 1, electricity
resistance, torment resistance 1, petrification resistance
a: no special abilities


You were on level 2 of the Dungeon.
You visited 1 branch of the dungeon, and saw 2 of its levels.

You collected 4 gold pieces.

Inventory:

Hand Weapons
 a - a +0 mace (weapon)
Missiles
 i - 3 javelins (quivered)
Armour
 b - a +0 robe (worn)
Scrolls
 c - 3 scrolls of enchant weapon {unknown}
 d - a scroll of summoning {unknown}
 e - 2 scrolls of identify {unknown}
 f - a scroll of fog {unknown}
 j - a scroll of teleportation {unknown}
Potions
 g - a potion of resistance {unknown}
 h - a potion of degeneration {unknown}


   Skills:
 - Level 3.2 Fighting
 + Level 4.2 Maces & Flails
 - Level 2.4 Dodging
 - Level 2.1 Stealth


You had 2 spell levels left.
You didn't know any spells.
Your spell library was empty.

Dungeon Overview and Level Annotations

Branches:
Dungeon (2/15)

Altars:

Shops:
D:1 [

Annotations:
D:2 Terence


Innate Abilities, Weirdness & Mutations

You are immune to sickness and miasma.
Your stone body is resilient. (AC +3)
You are immune to poison.
You resist negative energy. (rN+)
You are resistant to electric shocks. (rElec)
You are resistant to unholy torment.
You are immune to petrification.


Message History

Terence closely misses you.
You hit Terence.
Terence is almost dead.
Terence closely misses you.
You hit Terence but do no damage.
Terence is almost dead.
Terence hits you with a +0 flail.
You barely miss Terence.
Terence is almost dead.
Terence asks, "Do you want it fast or slow?"
Terence hits you with a +0 flail.
You are too injured to fight recklessly!
You are too injured to fight recklessly!
You are too injured to fight recklessly!
You are too injured to fight recklessly!
You are too injured to fight recklessly!
You are too injured to fight recklessly!
You are too injured to fight recklessly!
You are too injured to fight recklessly!
You are too injured to fight recklessly!
You are too injured to fight recklessly!
You are too injured to fight recklessly!
You are too injured to fight recklessly!
You are too injured to fight recklessly!
You are too injured to fight recklessly!
You are too injured to fight recklessly!
You are too injured to fight recklessly!
You are too injured to fight recklessly!
Unknown command.
You hit Terence but do no damage.
Terence is almost dead.
Terence hits you with a +0 flail!
* * * LOW HITPOINT WARNING * * *
You barely miss Terence.
Terence is almost dead.
Terence barely misses you. x2
You barely miss Terence.
Terence is almost dead.
Terence hits you with a +0 flail.
You die...

#.# .# #.# ####.
#.# #.... ##.###
... ##..... ... ##
##<....# #.##.##
##.......
#@#...####........
#@.......+........
#.#...####........
#.# .## ##.......
#.# # ##.....# #.#
##...## #.# ##'##
#.# #.# #.#
#####.### #.#
#......<#


You could see Terence.

Vanquished Creatures
  A dart slug (D:1)
  2 endoplasms (D:1)
  3 giant cockroaches (D:1)
  5 goblins (D:1)
  2 hobgoblins (D:1)
  3 kobolds
  A quokka (D:1)
  3 ball pythons
  2 frilled lizards
22 creatures vanquished.

Notes
Turn   | Place    | Note
-------+----------+-------------------------------------------
     0 | D:1      | DocClef the Gargoyle Monk began the quest for the Orb.
     0 | D:1      | Reached XP level 1. HP: 14/14 MP: 1/1
   111 | D:1      | Reached XP level 2. HP: 19/19 MP: 2/2
   327 | D:1      | Found Nagawkuc's Armour Shop.
   750 | D:1      | Reached skill level 4 in Maces & Flails
   999 | D:1      | Reached XP level 3. HP: 22/23 MP: 3/3
  1471 | D:2      | Noticed Terence
  1480 | D:2      | HP: 1/23 [Terence/+0 flail (8)]
  1482 | D:2      | Slain by Terence

Illustrated notes

Levels and vault maps discovered:
D:1:      sevenhm_arrival_forest_fort_small_6, layout_loops_ring, serial_shops,
          shop, eino_curves_01, palyth_stone_intersect
D:2:      minmay_wonky_spiral, layout_loops_corners,
          shapermc_ecumenical_altar_mp_urbaneastern, basic_altar,
          uniq_crazy_yiuf_cottage, uniq_terence

Skill      XL: |  1  2 |
---------------+-------+-----
Maces & Flails | 4 |  4.2
Fighting       | |  3.2
Dodging        | |  2.4
Stealth        | |  2.1

Action                   || total
-------------------------++-------
Melee: Mace              ||    73
       Punch             ||     2
 Stab: Sleeping          ||     4
Armor: Robe              ||    15
Dodge: Dodged            ||    35
